General information
- name: BNet
- type: Ladder 1vs1/FFA
- host: Battle.net
- saver: Ishamal
map: GnollWood
- players: 2
- length: 45:58
- speed: Fast
- version: 1.24 W3XP
- replay type: Public
» download(143 KB)
Players
team 1 (winner)
Ishamal (
teal | 85 APM | 3893 actions | 45:58)
8 Lich
3 Frost Nova
3 Dark Ritual
1 Death and Decay
1 Frost Armor
9 Death Knight
3 Death Coil
3 Unholy Aura
1 Animate Dead
2 Death Pact
6 Dark Ranger
3 Silence
2 Black Arrow
1 Charm
» actions
| Assign group hotkey | 66 | |
| Basic commands | 12 | |
| Build / train | 155 | |
| ESC pressed | 10 | |
| Enter build submenu | 35 | |
| Enter hero's abilities submenu | 24 | |
| Give item / drop item | 11 | |
| Remove unit from queue | 1 | |
| Right click | 1643 | |
| Select / deselect | 704 | |
| Select group hotkey | 1042 | |
| Use ability | 190 | |
3893 total
» units
| Acolyte | 34 | |
| Ghoul | 8 | |
| Crypt Fiend | 14 | |
| Obsidian Statue | 7 | |
| Abomination | 1 | |
| Gargoyle | 14 | |
| Frost Wyrm | 8 | |
86 total
» upgrades
| Creature Attack | 3 | |
| Burrow | 1 | |
| Destroyer Form | 1 | |
| Web | 1 | |
| Creature Carapace | 3 | |
| Freezing Breath | 1 | |
10 total
» buildings
| Altar of Darkness | 1 | |
| Ziggurat | 11 | |
| Crypt | 2 | |
| Tomb of Relics | 1 | |
| Halls of the Dead | 1 | |
| Graveyard | 1 | |
| Nerubian Tower | 2 | |
| Black Citadel | 1 | |
| Slaughterhouse | 1 | |
| Spirit Tower | 1 | |
| Sacrificial Pit | 1 | |
| Necropolis | 4 | |
| Boneyard | 1 | |
28 total
» build order
00:07 Altar of Darkness
00:09 Ziggurat
00:32 Crypt
00:59 Tomb of Relics
01:30 Ziggurat
03:19 Halls of the Dead
04:05 Graveyard
04:09 Nerubian Tower
04:13 Ziggurat
06:25 Black Citadel
07:15 Ziggurat
07:20 Slaughterhouse
11:41 Ziggurat
11:43 Ziggurat
11:44 Ziggurat
11:45 Ziggurat
13:17 Spirit Tower
14:14 Sacrificial Pit
16:45 Necropolis
18:19 Necropolis
18:26 Ziggurat
19:14 Boneyard
19:21 Nerubian Tower
22:29 Ziggurat
22:31 Crypt
25:50 Necropolis
37:44 Ziggurat
43:01 Necropolis
» items
| Rod of Necromancy | 2 | |
| Scroll of Town Portal | 6 | |
| Orb of Corruption | 1 | |
| Scroll of Healing | 10 | |
| Potion of Lesser Invulnerability | 5 | |
| Scroll of Protection | 3 | |
27 total
team 2 (loser)
blitzkrieg_dd (
orange | 49 APM | 2248 actions | 45:56)
7 Crypt Lord
2 Carrion Beetles
1 Impale
3 Spiked Carapace
1 Locust Swarm
6 Lich
3 Frost Nova
2 Frost Armor
1 Death and Decay
5 Death Knight
3 Unholy Aura
2 Death Coil
» actions
| Basic commands | 2 | |
| Build / train | 166 | |
| Enter build submenu | 30 | |
| Enter hero's abilities submenu | 18 | |
| Give item / drop item | 2 | |
| Right click | 742 | |
| Select / deselect | 1146 | |
| Use ability | 142 | |
2248 total
» units
| Acolyte | 26 | |
| Ghoul | 5 | |
| Crypt Fiend | 24 | |
| Obsidian Statue | 10 | |
| Abomination | 9 | |
| Frost Wyrm | 8 | |
| Gargoyle | 13 | |
95 total
» upgrades
| Creature Attack | 3 | |
| Web | 1 | |
| Ghoul Frenzy | 1 | |
| Destroyer Form | 1 | |
| Creature Carapace | 3 | |
| Unholy Strength | 3 | |
| Unholy Armor | 3 | |
| Freezing Breath | 1 | |
| Disease Cloud | 1 | |
| Cannibalize | 1 | |
18 total
» buildings
| Altar of Darkness | 1 | |
| Ziggurat | 17 | |
| Graveyard | 1 | |
| Crypt | 2 | |
| Tomb of Relics | 1 | |
| Halls of the Dead | 1 | |
| Spirit Tower | 11 | |
| Black Citadel | 1 | |
| Slaughterhouse | 1 | |
| Sacrificial Pit | 1 | |
| Boneyard | 1 | |
| Nerubian Tower | 2 | |
40 total
» build order
00:08 Altar of Darkness
00:10 Ziggurat
00:39 Graveyard
01:04 Crypt
01:25 Crypt
01:39 Ziggurat
01:57 Tomb of Relics
03:30 Halls of the Dead
03:52 Spirit Tower
04:41 Spirit Tower
05:59 Ziggurat
06:17 Ziggurat
06:24 Ziggurat
06:47 Ziggurat
06:59 Spirit Tower
07:19 Spirit Tower
07:22 Spirit Tower
07:46 Spirit Tower
08:37 Black Citadel
08:41 Slaughterhouse
08:56 Sacrificial Pit
12:52 Ziggurat
12:54 Ziggurat
13:45 Spirit Tower
13:46 Spirit Tower
14:11 Ziggurat
15:05 Spirit Tower
15:07 Ziggurat
15:15 Boneyard
16:10 Spirit Tower
26:26 Ziggurat
27:25 Ziggurat
27:27 Ziggurat
27:56 Ziggurat
32:44 Ziggurat
36:19 Spirit Tower
37:27 Ziggurat
37:39 Ziggurat
41:02 Nerubian Tower
41:04 Nerubian Tower
» items
| Rod of Necromancy | 1 | |
| Sacrificial Skull | 1 | |
| Orb of Corruption | 5 | |
| Potion of Mana | 3 | |
| Periapt of Vitality | 2 | |
| Circlet of Nobility | 2 | |
| Potion of Healing | 2 | |
| Scroll of Town Portal | 1 | |
17 total
Chat log
(45:42 / All) Ishamal: epic game
(45:51 / All) blitzkrieg_dd: gg
(45:54 / All) Ishamal: very gg